[Event "*** Titled Tuesday Blitz"]
[Site "Chess.com"]
[Date "2021.03.02"]
[Round "5"]
[White "Ajedrez_con_German"]
[Black "TheBigBoss04"]
[Result "0-1"]
[WhiteElo "2562"]
[BlackElo "2749"]
[TimeControl "180+1"]
[EndTime "10:55:47 PST"]
[Termination "TheBigBoss04 won on time"]

1. b3 e5 2. Bb2 Nc6 3. e3 Nf6 4. Bb5 Bd6 5. Na3 e4 6. f3 Be5 7. Qc1 O-O 8. Bxc6 Bxb2 9. Qxb2 dxc6 10. O-O-O Be6 11. Ne2 c5 12. Ng3 Qd5 13. Nb5 Qc6 14.
Nc3 exf3 15. gxf3 Rfd8 16. Nce4 Nxe4 17. Nxe4 Bf5 18. Rhg1 Bg6 19. h4 h5 20. Ng5 c4 21.
Rg3 a5 22. Rdg1 Rd6 23. f4 Qd7 24. Nf3 cxb3 25. Ne5 Qf5 26. Nxg6 fxg6 27. axb3 a4 28. Rg5 Qf7 29. f5 axb3 30. Qxb3 Ra1+ 31. Kb2 Qxb3+ 32.
Kxb3 Rxg1 33. Rxg1 gxf5 34. d3 Kf7 35. Rg5 g6 36. e4 fxe4 37. dxe4 Rd4 38. Rc5 c6 39. e5 Rxh4 40. Ra5 Ke6 41. Ra7 b5 42. Ra6 Rc4 43.
Rxc6+ Rxc6 0-1

[Event "*** Titled Tuesday Blitz"]
[Site "Chess.com"]
[Date "2021.03.02"]
[Round "5"]
[White "wannabe2700"]
[Black "KruHor"]
[Result "0-1"]
[WhiteElo "2709"]
[BlackElo "2540"]
[TimeControl "180+1"]
[EndTime "10:55:47 PST"]
[Termination "KruHor won by checkmate"]

1. b3 d5 2. Bb2 Bg4 3. f3 Bh5 4. e3 e6 5. d4 Bd6 6. c4 c6 7. Bd3 Nd7 8. Nc3 Ngf6 9. Nge2 e5 10.
cxd5 cxd5 11. O-O O-O 12. Nb5 Bb8 13. Ba3 Re8 14. Nd6 Bxd6 15. Bxd6 e4 16. fxe4 dxe4 17. Bc4 Nb6 18. Bg3 Nfd5 19. Qd2 Nxc4 20. bxc4 Nb6 21. Rac1 Rc8 22. Nf4 Nxc4 23. Rxc4 Rxc4 24. Nxh5 Qg5 25. Nf4 h5 26. Qf2 Rec8 27. Bh4 Qf5 28. Qb2 Rc2 29.
Qxb7 Qg4 30. g3 Rc1 31. Qxe4 Rxf1+ 32. Kxf1 Qd1+ 33. Kg2 Rc2+ 34. Qxc2 Qxc2+ 35. Kf3 Qd1+ 36.
Kf2 Qg4 37. Be7 Qf5 38. a3 g5 39. e4 Qxe4 40. Nxh5 Qxe7 41. g4 Qxa3 42. Ng3 Qb2+ 43.
Ke3 a5 44. Ne4 a4 45. Nxg5 a3 46. Ne4 a2 47. d5 a1=Q 48. d6 Qd4+ 49. Kf4 Qf1+ 50.
Kg5 Qe5+ 51. Kh4 Qxh2+ 52. Kg5 Qe5+ 53. Kh4 Qh1# 0-1

[Event "*** Titled Tuesday Blitz"]
[Site "Chess.com"]
[Date "2021.03.02"]
[Round "5"]
[White "arminmusovic"]
[Black "urutodo"]
[Result "1-0"]
[WhiteElo "2538"]
[BlackElo "2297"]
[TimeControl "180+1"]
[EndTime "10:55:47 PST"]
[Termination "arminmusovic won on time"]

1. a3 c6 2. Nc3 d5 3. e4 dxe4 4. Nxe4 Nf6 5. Nxf6+ exf6 6. Nf3 Bd6 7. Be2 O-O 8. O-O Re8 9. h3 Bf5 10. d4 Nd7 11. Bd3 Bxd3 12. Qxd3 Qc7 13. Rd1 Rad8 14. Be3 Bf4 15. Bxf4 Qxf4 16. Qb3 Nb6 17. a4 Rd7 18. c4 Rde7 19. a5 Nc8 20. Qd3 g6 21. b4 Nd6 22.
a6 b6 23. d5 cxd5 24. Qxd5 Nf5 25. c5 bxc5 26. Qxc5 Kg7 27. b5 Rc7 28. Qd5 Rb8 29. Rab1 Rb6 30. Rb3 h5 31. Qd3 h4 32.
Qd5 Rc1 33. Rd3 Rd6 34. Qb3 Rxd1+ 35. Qxd1 Qb4 36. Rd5 Rxd5 37. Qxd5 Qb1+ 38. Kh2 Qb2 39. Qd2 Qxb5 40. g4 Ne7 41. Kg2 Qb8 42. Nxh4 Qe5 43. Nf3 Qe4 44. Qd4 Qxd4 45. Nxd4 Nd5 46. Nb5 Nb4 47.
Nc7 Nxa6 48. Nxa6 f5 49. g5 f6 50. h4 1-0

[Event "*** Titled Tuesday Blitz"]
[Site "Chess.com"]
[Date "2021.03.02"]
[Round "5"]
[White "lucasmito"]
[Black "LuisFSiles"]
[Result "0-1"]
[WhiteElo "2499"]
[BlackElo "2308"]
[TimeControl "180+1"]
[EndTime "10:55:47 PST"]
[Termination "LuisFSiles won by resignation"]

1. e4 e5 2. Nf3 Nc6 3. Bb5 a6 4.
Ba4 Nf6 5. O-O Be7 6. Bxc6 dxc6 7. d3 Nd7 8. Nbd2 c5 9. Nc4 Bd6 10. b3 O-O 11. Qe2 Re8 12. Be3 Nb8 13. Rad1 Nc6 14. c3 b5 15. Nb2 Qe7 16. Rfe1 Bg4 17. h3 Bh5 18. g4 Bg6 19. Bg5 f6 20. Bc1 b4 21. cxb4 cxb4 22. Be3 Rad8 23. Rc1 Nd4 24. Nxd4 exd4 25. Bxd4 Bf4 26. Be3 Bxe3 27. Qxe3 Bf7 28. Rc6 Qe5 29. Na4 g5 30. Rec1 Re7 31. R6c5 Qd6 32.
Kg2 Bg6 33. f3 h5 34. R1c4 h4 35. d4 Qg3+ 36. Kf1 Qxh3+ 37. Ke2 Rde8 38. d5 Qh2+ 39. Kd3 Qh1 40. Rxc7 Qb1+ 41. Kd4 Rxc7 42. Rxc7 Qa1+ 43.
Kc5 Qe5 44. Rc6 Qb8 45. d6 Qb5+ 46. Kd4 Qxc6 47. Qe2 Qxd6+ 48. Ke3 Qf4+ 49. Kf2 Qh2+ 50. Ke3 0-1

[Event "*** Titled Tuesday Blitz"]
[Site "Chess.com"]
[Date "2021.03.02"]
[Round "5"]
[White "rasmussvane"]
[Black "Smirnov_Pavel"]
[Result "0-1"]
[WhiteElo "2956"]
[BlackElo "2866"]
[TimeControl "180+1"]
[EndTime "10:55:48 PST"]
[Termination "Smirnov_Pavel won by checkmate"]

1. Nf3 Nf6 2. g3 e6 3. Bg2 d5 4. O-O Be7 5. c4 O-O 6. b3 c5 7.
cxd5 Nxd5 8. Nc3 b6 9. Nxd5 exd5 10. d4 Bb7 11. Ba3 Nd7 12. Rc1 Rc8 13. Qd2 c4 14.
Bxe7 Qxe7 15. Rfe1 b5 16. Nh4 Nb6 17. Qa5 Bc6 18. Nf5 Qd7 19. Bh3 Qc7 20. Qd2 f6 21. Bg2 Rfe8 22. h4 Rcd8 23. h5 Bd7 24. Bh3 Be6 25. Kg2 Qd7 26. Qf4 b4 27. Rh1 a5 28.
e3 a4 29. h6 g6 30. Ng7 Bxh3+ 31. Rxh3 Rf8 32. Rhh1 c3 33. Rhe1 Ra8 34. Kh2 axb3 35.
axb3 Ra3 36. e4 Rxb3 37. Kg1 Rb2 38. Re3 Rd2 39. e5 fxe5 40. Qxe5 Nc4 41. Qe7 Qxe7 42.
Rxe7 Rfxf2 43. Ne6 Rg2+ 44. Kh1 Rh2+ 45. Kg1 Rdg2+ 46.
Kf1 Ne3+ 47. Ke1 Rg1# 0-1

[Event "*** Titled Tuesday Blitz"]
[Site "Chess.com"]
[Date "2021.03.02"]
[Round "5"]
[White "BogdanDeac"]
[Black "German_Bazeev"]
[Result "1-0"]
[WhiteElo "2986"]
[BlackElo "2728"]
[TimeControl "180+1"]
[EndTime "10:55:49 PST"]
[Termination "BogdanDeac won by resignation"]

1. d4 Nf6 2. Nf3 b6 3. c4 Bb7 4.
g3 Bxf3 5. exf3 e6 6. Bg2 d5 7.
O-O Be7 8. cxd5 Nxd5 9. f4 O-O 10.
Nc3 c6 11. Re1 Bf6 12. Be3 g6 13. Rc1 Nd7 14. Ne4 Rc8 15. Qa4 b5 16. Qxa7 Be7 17.
Nc5 Nxc5 18. dxc5 Bf6 19. Qa3 Ra8 20. Qb3 Qa5 21. a3 Qa4 22. Qc2 Qxc2 23. Rxc2 Ra4 24. Bd2 Rb8 25. h4 h5 26. Bf3 Kg7 27. Kg2 Rba8 28. Rec1 Bd4 29. Kf1 Bf6 30. Ke2 Re8 31. Kf1 Rd8 32. Be2 Ne7 33. Bc3 Bxc3 34. Rxc3 Rad4 35.
Bf3 Nd5 36. R3c2 Rd3 37. Kg2 Rb3 38. Be2 Ra8 39. Rd1 Ra4 40. Rdd2 Kf6 41. Bd1 Re4 42.
Kf1 b4 43. Rc1 bxa3 44. Bxb3 1-0

[Event "*** Titled Tuesday Blitz"]
[Site "Chess.com"]
[Date "2021.03.02"]
[Round "5"]
[White "rachidhuilda"]
[Black "mortngabriel"]
[Result "1/2-1/2"]
[WhiteElo "2293"]
[BlackElo "2468"]
[TimeControl "180+1"]
[EndTime "10:55:49 PST"]
[Termination "Game drawn by repetition"]

1. d4 Nf6 2. Bg5 d5 3. Bxf6 gxf6 4. c4 dxc4 5. e3 e6 6. Bxc4 a6 7. Nc3 Nd7 8. Qh5 Nb6 9. Bb3 f5 10. Nf3 Qf6 11. O-O-O Bd7 12. Ne5 Bd6 13. f4 Bxe5 14.
dxe5 Qg6 15. Qe2 O-O-O 16. g3 Bc6 17. Rhe1 h5 18. Rg1 Qg4 19. Rxd8+ Rxd8 20. Rd1 Rxd1+ 21. Bxd1 Qg7 22. Qxh5 Nc4 23. Qe2 b5 24. Bb3 Bd5 25.
Nxd5 exd5 26. Bxc4 bxc4 27. Qd2 c6 28. Qa5 Kb7 29. Qb4+ Kc7 30. Qe7+ Kb6 31. e6 c3 32. b3 c2 33. Kxc2 Qa1 34. exf7 Qxa2+ 35. Kc3 Qa1+ 36.
Kd3 Qd1+ 37. Kc3 Qa1+ 38. Kd2 Qb2+ 39. Ke1 Qc1+ 40. Kf2 Qd2+ 41. Kg1 Qd1+ 42. Kg2 Qe2+ 43. Kh3 Qh5+ 44. Kg2 Qe2+ 45. Kg1 Qd1+ 46. Kg2 Qe2+ 1/2-1/2

[Event "*** Titled Tuesday Blitz"]
[Site "Chess.com"]
[Date "2021.03.02"]
[Round "5"]
[White "frenchpin"]
[Black "francyIM"]
[Result "0-1"]
[WhiteElo "2511"]
[BlackElo "2693"]
[TimeControl "180+1"]
[EndTime "10:55:50 PST"]
[Termination "francyIM won on time"]

1. e4 c6 2. d4 g6 3. Nc3 d5 4. Nf3 dxe4 5. Nxe4 Bg7 6. h3 Nf6 7. Nxf6+ exf6 8. Bc4 O-O 9. O-O Nd7 10. Bb3 Nb6 11. c4 a5 12. a4 Be6 13. Qd3 Re8 14. Be3 Qd7 15. Rfd1 Bf5 16. Qe2 Nc8 17. d5 cxd5 18. Rxd5 Qc7 19. Rad1 Be6 20. Rc5 Qb8 21. Nd4 b6 22. Rb5 Bd7 23. Rd5 Qb7 24. Qf3 Ne7 25.
Rd6 Qxf3 26. Nxf3 Be6 27. Rxb6 Nf5 28. c5 Nxe3 29. fxe3 Bh6 30. Kf2 Bxe3+ 31. Kg3 Bxc5 32.
Rb5 Bxb3 33. Rxb3 Rab8 34. Rxb8 Rxb8 35. Rd5 Bb4 36. Nd4 Rc8 37. Nb3 Rc2 38. Nxa5 Rxb2 39. Nc6 Be1+ 40. Kh2 Rc2 41. Nd8 Rc3 42. Kg1 Bg3 43.
Kf1 Ra3 44. Rd4 Ra2 45. Nc6 Rf2+ 46. Kg1 Rc2 0-1

[Event "*** Titled Tuesday Blitz"]
[Site "Chess.com"]
[Date "2021.03.02"]
[Round "5"]
[White "dropstoneDP"]
[Black "GianmarcoVaR"]
[Result "1/2-1/2"]
[WhiteElo "2975"]
[BlackElo "2632"]
[TimeControl "180+1"]
[EndTime "10:55:51 PST"]
[Termination "Game drawn by repetition"]

1. f4 g6 2. e4 Bg7 3. Nf3 c6 4. Be2 d5 5. d3 dxe4 6. dxe4 Qxd1+ 7. Bxd1 Bg4 8. Nbd2 Nf6 9. c3 Nbd7 10. e5 Nd5 11.
Ne4 Bh6 12. g3 Bf5 13. Nf2 Nc5 14. Nd4 Nd3+ 15. Nxd3 Bxd3 16. Bf3 O-O-O 17. Kf2 f6 18. Rd1 Ba6 19. exf6 exf6 20. f5 Bxc1 21. Raxc1 Ne7 22. Be4 Bc4 23. b3 Bd5 24. Bc2 c5 25. Nb5 a6 26.
c4 axb5 27. cxd5 Kc7 28. Bd3 Rxd5 29. Bxb5 Rxf5+ 30. Kg1 Rd8 31. Rxd8 Kxd8 32. Re1 Re5 33. Rd1+ Rd5 34. Re1 Nf5 35. Re8+ Kc7 36. Rh8 Rd1+ 37.
Kf2 Rd2+ 38. Kg1 h5 39. Be8 Nd4 40. h4 Nf3+ 41. Kf1 Nh2+ 42. Ke1 Nf3+ 43. Kf1 Ne5 44.
Rh6 Ng4 45. Rxg6 Nh2+ 46. Ke1 Nf3+ 47. Kf1 Nh2+ 48. Ke1 Nf3+ 49. Kf1 Nh2+ 1/2-1/2

[Event "*** Titled Tuesday Blitz"]
[Site "Chess.com"]
[Date "2021.03.02"]
[Round "5"]
[White "ukchessbomber"]
[Black "Volodar_Murzin"]
[Result "1-0"]
[WhiteElo "2546"]
[BlackElo "2687"]
[TimeControl "180+1"]
[EndTime "10:55:53 PST"]
[Termination "ukchessbomber won on time"]

1. d4 Nf6 2. c4 g6 3. Nc3 Bg7 4. e4 O-O 5. Be2 d6 6. Be3 e5 7.
d5 a5 8. g4 Na6 9. g5 Nd7 10.
h4 Nac5 11. h5 a4 12. Nf3 c6 13. Qd2 Qa5 14. Kf1 Nb8 15. hxg6 fxg6 16. dxc6 bxc6 17. Qxd6 Ne6 18. Rc1 Nd4 19. Bxd4 exd4 20. c5 Qb4 21. a3 Qb3 22. Nd1 Qf7 23. Bc4 Ba6 24. Bxa6 Nxa6 25. Ne5 Qf4 26. Qe6+ Rf7 27. Nxf7 Qxf7 28.
Qxf7+ Kxf7 29. Rxh7 Rb8 30. Rh3 Rb5 31. Rf3+ Ke7 32.
Rh3 Nxc5 33. Rh7 Kf8 34. f3 Kg8 35. Rh2 Bf8 36. Rhc2 Nb3 37. Rb1 c5 38. Ke2 Rb6 39. Nf2 Rd6 40. Nd3 Rd8 41. Rc4 Be7 42. Rxa4 Bxg5 43.
Rg1 Be3 44. Rxg6+ Kf7 45. Rb6 Rd7 46. Rxb3 Ke7 47. Nxc5 1-0

[Event "*** Titled Tuesday Blitz"]
[Site "Chess.com"]
[Date "2021.03.02"]
[Round "5"]
[White "GMJustin"]
[Black "shaheus"]
[Result "0-1"]
[WhiteElo "2246"]
[BlackElo "2438"]
[TimeControl "180+1"]
[EndTime "10:55:53 PST"]
[Termination "shaheus won on time"]

1. a3 e5 2. e3 Nf6 3. c4 d6 4.
Nc3 g6 5. d4 Nbd7 6. Bd3 Bg7 7.
Nge2 O-O 8. O-O c6 9. b4 Qe7 10. Bb2 Re8 11. Qb3 Nf8 12. c5 exd4 13. cxd6 Qxd6 14.
Nxd4 Ng4 15. g3 Ne5 16. Be2 Bh3 17. Rfd1 Qe7 18. Rac1 Rad8 19. Ne4 Bg4 20. Bxg4 Nxg4 21. Nc5 b6 22. Nxc6 Rxd1+ 23. Qxd1 Qg5 24. Bxg7 Kxg7 25. Qd4+ Kg8 26. Ne4 Qh5 27. Nf6+ Nxf6 28. Qxf6 Nd7 29. Qd4 Qf5 30. Nxa7 Ne5 31. Rd1 Nf3+ 32.
Kg2 Nxd4 33. Rxd4 Qe6 34. Nb5 Re7 35. Kg1 Kg7 36. Nc3 Qb3 37. Ne4 Qxa3 38. Kg2 Qb2 39. Nd6 Qc3 40. b5 Rd7 41. Nf5+ gxf5 42. Rxd7 Qc5 43. Ra7 Qxb5 44. Kf3 Qd5+ 45. Ke2 b5 0-1

[Event "*** Titled Tuesday Blitz"]
[Site "Chess.com"]
[Date "2021.03.02"]
[Round "5"]
[White "kekic76"]
[Black "ApoIogiA"]
[Result "1-0"]
[WhiteElo "2364"]
[BlackElo "2204"]
[TimeControl "180+1"]
[EndTime "10:55:53 PST"]
[Termination "kekic76 won by resignation"]

1. e4 c5 2. Nf3 d6 3. d4 cxd4 4.
Nxd4 Nf6 5. Nc3 a6 6. Bg5 e6 7. f4 Nbd7 8. Qf3 Qc7 9. O-O-O b5 10. g4 h6 11. Bxf6 Nxf6 12. Bd3 Nd7 13. h4 Bb7 14. g5 e5 15. Nf5 exf4 16. gxh6 gxh6 17. Qxf4 Ne5 18. Nd5 Bxd5 19. exd5 Rc8 20. Be4 Rg8 21. Rhg1 Rxg1 22. Rxg1 Qc4 23. Rg8 Nd3+ 24.
Kd2 Nxf4 25. Nxd6+ Ke7 26. Nxc4 Rxc4 27. Bf3 Nxd5 28. b3 Rd4+ 29. Ke2 Nf6 30. Rg1 Rxh4 31. Bb7 Rh2+ 32. Kd3 Nd7 33. b4 Kd8 34. Bxa6 Bxb4 35. Bxb5 Bc5 36. Rf1 Ke7 37. a4 Ne5+ 38. Ke4 Re2+ 39.
Kd5 Ba7 40. Bxe2 f6 41. c4 Nf7 42. c5 Ne5 43. Rb1 Kd8 44. Rb7 Nd3 45. Bxd3 1-0

[Event "*** Titled Tuesday Blitz"]
[Site "Chess.com"]
[Date "2021.03.02"]
[Round "5"]
[White "Aleksey_Sorokin"]
[Black "GM_dmitrij"]
[Result "1-0"]
[WhiteElo "2791"]
[BlackElo "3001"]
[TimeControl "180+1"]
[EndTime "10:55:54 PST"]
[Termination "Aleksey_Sorokin won on time"]

1. d4 Nf6 2. c4 e6 3. Nf3 b6 4. a3 Bb7 5. Nc3 d5 6. cxd5 Nxd5 7. Qc2 Nd7 8. Nxd5 Bxd5 9. e4 Bb7 10. Bb5 c6 11.
Bxc6 Rc8 12. Bxd7+ Qxd7 13. Qe2 Qc6 14. d5 Qc4 15.
dxe6 fxe6 16. Qxc4 Rxc4 17. Nd2 Rc2 18. Kd1 Rc8 19.
b4 Bd6 20. Bb2 Bf4 21. f3 Kf7 22. g3 Bh6 23. Re1 Rhd8 24. f4 g5 25. Be5 gxf4 26. gxf4 Rd3 27. Rc1 Rxc1+ 28. Kxc1 Rxa3 29. Nc4 Bxf4+ 30.
Kb2 Rf3 31. Bxf4 Rxf4 32. Nd6+ Ke7 33. Nxb7 e5 34. Kc3 Kd7 35. Rd1+ Kc6 36. Nd8+ Kb5 37.
Rd5+ Ka4 38. Rxe5 Rf3+ 39. Kd4 Kxb4 40. Nc6+ Ka4 41. Nxa7 Rf2 42. Rh5 Rd2+ 43. Ke3 Rd7 44. Nc6 b5 45. e5 Rc7 46. Nd4 b4 47. Ke4 b3 48. Nxb3 Kxb3 49. e6 Kc4 50. Ra5 Rg7 51. Ra2 Kc5 52. Ke5 Rg5+ 53. Kf6 1-0

[Event "*** Titled Tuesday Blitz"]
[Site "Chess.com"]
[Date "2021.03.02"]
[Round "5"]
[White "nrvisakh"]
[Black "Kildepiotr"]
[Result "1-0"]
[WhiteElo "2795"]
[BlackElo "2581"]
[TimeControl "180+1"]
[EndTime "10:55:54 PST"]
[Termination "nrvisakh won on time"]

1. d4 Nf6 2. Bf4 d6 3. e3 Nbd7 4. h3 g6 5. Nf3 Bg7 6. Be2 O-O 7. O-O b6 8. c4 Bb7 9. Nc3 Re8 10. Bh2 e5 11. d5 a5 12. Nd2 Nc5 13. b3 Bc8 14. a3 Bd7 15. b4 Nb7 16. Qc2 Qe7 17. Nb3 Rf8 18. Rfd1 Ne8 19. c5 dxc5 20. bxc5 Nxc5 21. d6 cxd6 22. Nd5 Qd8 23. Nxc5 bxc5 24. Rab1 Be6 25. Bc4 Nf6 26. Nb6 Rb8 27. Bxe6 Rxb6 28. Ba2 Rxb1 29.
Qxb1 Qc7 30. Qb5 Rb8 31. Qd3 Rb6 32. Qc3 Ne4 33. Qc2 Nf6 34. Qd2 a4 35. Qc2 Qc6 36. Bg3 h5 37. Qxg6 c4 38. Qc2 Ne4 39. Bxc4 Nxg3 40.
fxg3 Qc5 41. Qe4 Rc6 42. Bd5 Rc7 43. Rf1 Kf8 44. Kh2 Bh6 45. Ba2 Qxe3 46. Qh7 1-0

[Event "*** Titled Tuesday Blitz"]
[Site "Chess.com"]
[Date "2021.03.02"]
[Round "5"]
[White "Lion-Al-Messi"]
[Black "Vuk2000"]
[Result "0-1"]
[WhiteElo "2425"]
[BlackElo "2653"]
[TimeControl "180+1"]
[EndTime "10:55:54 PST"]
[Termination "Vuk2000 won by resignation"]

1. e4 d5 2. exd5 Qxd5 3. Nc3 Qd6 4. d4 Nf6 5. Nge2 c6 6. Bf4 Qd8 7. Ng3 g6 8. Qd2 h5 9. Bc4 Bg7 10. O-O-O Nbd7 11. Rhe1 Nb6 12. Bb3 Nfd5 13. Nxd5 Nxd5 14. Be5 Bh6 15. f4 f6 16. Qd3 fxe5 17. Qxg6+ Kf8 18. Rxe5 Qe8 19. Qe4 Bxf4+ 20. Kb1 Bxe5 21. dxe5 Kg7 22. e6 Qg6 23. Nf5+ Kh7 24. Re1 Rf8 25. c4 Rxf5 26. Bc2 Nb4 27. Qxf5 Nxc2 28. Qxc2 Qxc2+ 29. Kxc2 Kg6 30. Re5 Kf6 31. Rxh5 Bxe6 32. Rh6+ Ke5 33. Rh5+ Bf5+ 34. Kc3 Ke6 35. Rh6+ Ke5 36. Rh5 Kf6 37. h3 b6 38. g4 Bg6 39. g5+ Kf5 40. Rh4 Kxg5 41.
Rd4 Kf6 42. Rd7 Bf5 43. Rc7 c5 44. h4 Ke6 45. h5 Kd6 46. Rb7 Be4 0-1

[Event "*** Titled Tuesday Blitz"]
[Site "Chess.com"]
[Date "2021.03.02"]
[Round "5"]
[White "svilson23"]
[Black "zmeeed67"]
[Result "0-1"]
[WhiteElo "2239"]
[BlackElo "2426"]
[TimeControl "180+1"]
[EndTime "10:55:54 PST"]
[Termination "zmeeed67 won on time"]

1. Nf3 d5 2. c4 e6 3. g3 Nf6 4. Bg2 Be7 5. O-O O-O 6. b3 a5 7. Nc3 d4 8. Nb5 c5 9. Ne5 Nfd7 10. Nd3 e5 11. f4 Nc6 12. e3 Ra6 13. exd4 exd4 14. Re1 Nb4 15. Nf2 Re6 16. Rxe6 fxe6 17.
d3 Nf6 18. Bd2 b6 19. a3 Na6 20. Qe2 Nc7 21. Nxc7 Qxc7 22. Re1 Re8 23. Bh3 Bf8 24. Ne4 Nxe4 25. Qxe4 Qd7 26. f5 e5 27. Rf1 Bb7 28. Qh4 Qc6 29. Kf2 e4 30. dxe4 Rxe4 31. Bg2 Rxh4 32. Bxc6 Rxh2+ 33. Kg1 Rxd2 34. Bxb7 Bd6 35.
Bd5+ Kf8 36. f6 gxf6 37. Rxf6+ Ke7 38. Re6+ Kd7 39. Rh6 Bxg3 40. Rxh7+ Kd6 41. Rh6+ Ke5 42. Rxb6 d3 43. Re6+ Kd4 0-1

[Event "*** Titled Tuesday Blitz"]
[Site "Chess.com"]
[Date "2021.03.02"]
[Round "5"]
[White "ChessWarrior7197"]
[Black "Federtiu"]
[Result "0-1"]
[WhiteElo "2902"]
[BlackElo "2649"]
[TimeControl "180+1"]
[EndTime "10:55:57 PST"]
[Termination "Federtiu won by resignation"]

1. e4 g6 2. d4 Bg7 3. c3 d6 4.
Bd3 Nf6 5. Nf3 O-O 6. O-O Nc6 7. d5 Nb8 8. c4 Bg4 9. Nbd2 Na6 10. h3 Nc5 11.
hxg4 Nxd3 12. g5 Nd7 13. Qc2 Nb4 14. Qb1 a5 15. a3 Na6 16. Qc2 Nac5 17. Nb3 Nxb3 18.
Qxb3 Nc5 19. Qc2 a4 20. Be3 Nb3 21. Rad1 Qd7 22. Nd4 Nc5 23. f3 c6 24. Ne2 Nb3 25. Nc1 cxd5 26. Rxd5 Nxc1 27. Rxc1 Rfc8 28. c5 Qe6 29.
Qd2 dxc5 30. Rcxc5 Rxc5 31. Bxc5 Rc8 32. Rd8+ Rxd8 33.
Qxd8+ Bf8 34. Bd4 Qc6 35. Kh2 Qd6+ 36. Qxd6 exd6 37. Kg3 Bg7 38. Bxg7 Kxg7 39. f4 f6 40. gxf6+ Kxf6 41. Kf3 g5 42. g3 h5 43. Kg2 Kg6 44.
Kf2 Kf6 45. Ke3 Kg6 46. Kd4 h4 47. f5+ Kf6 48. gxh4 gxh4 49. Ke3 d5 50. exd5 Kxf5 51. Kf3 Ke5 52. d6 Kxd6 53. Kg4 Kc5 54. b3 axb3 0-1

[Event "*** Titled Tuesday Blitz"]
[Site "Chess.com"]
[Date "2021.03.02"]
[Round "5"]
[White "AlexeiShirov"]
[Black "Fighter008"]
[Result "1/2-1/2"]
[WhiteElo "2823"]
[BlackElo "2643"]
[TimeControl "180+1"]
[EndTime "10:55:58 PST"]
[Termination "Game drawn - insufficient material"]

1. e4 c5 2. Nf3 d6 3. d4 cxd4 4. Nxd4 Nf6 5. Nc3 a6 6. h3 Nc6 7. g4 Nxd4 8. Qxd4 e5 9. Qa4+ Bd7 10. Qb3 b5 11. Bg2 Be7 12. g5 Nh5 13. h4 Be6 14. Nd5 O-O 15. Bf3 Nf4 16. Bxf4 exf4 17. O-O-O Rc8 18. Kb1 Rc5 19. Qd3 Bxd5 20.
exd5 Qc7 21. Be4 g6 22. h5 Bxg5 23. hxg6 fxg6 24. Bxg6 hxg6 25. Qxg6+ Qg7 26. Qe6+ Qf7 27. Qxd6 Rfc8 28. Rdg1 Rxd5 29. Qxa6 Rcd8 30. a4 Qf5 31. Qb7 Rd2 32. Qc6 bxa4 33. Ka2 Qd5+ 34. Qxd5+ R8xd5 35. Rh5 Rxc2 36. Rgxg5+ Rxg5 37. Rxg5+ Kh7 38. f3 Rf2 39. Ka3 Rxf3+ 40. Kxa4 Kh6 41. Rg8 Rg3 42. Rf8 f3 43.
b4 Kg5 44. b5 Rg4+ 45. Ka5 Rf4 46. Rxf4 Kxf4 47. b6 f2 48. b7 f1=Q 49. b8=Q+ Kf3 50. Qf8+ Ke2 51. Qxf1+ Kxf1 1/2-1/2

[Event "*** Titled Tuesday Blitz"]
[Site "Chess.com"]
[Date "2021.03.02"]
[Round "5"]
[White "NikolaGry"]
[Black "Rondo_Capriccioso"]
[Result "1-0"]
[WhiteElo "2610"]
[BlackElo "2474"]
[TimeControl "180+1"]
[EndTime "10:55:58 PST"]
[Termination "NikolaGry won by checkmate"]

1. e4 c5 2. Be2 g6 3. f4 Bg7 4. Nf3 b6 5. c3 Bb7 6. d3 Nc6 7. O-O d5 8. Nbd2 Nf6 9. e5 Nd7 10. d4 O-O 11. a3 Rc8 12. Rf2 Bh6 13. Nf1 f5 14. h3 cxd4 15. cxd4 Na5 16. Bd3 e6 17. g3 Rc7 18. Bd2 Qc8 19. Rc1 Rxc1 20.
Bxc1 Ba6 21. Rc2 Qb7 22. Bxa6 Qxa6 23. Rc7 Rd8 24. Ne3 b5 25. b3 Qb6 26. Qc2 b4 27.
axb4 Nxb3 28. Rxd7 Rxd7 29. Qxb3 Rc7 30. Bd2 Bf8 31.
Qa4 Rc6 32. b5 Rc7 33. h4 Be7 34. h5 Kf7 35. Kg2 Rb7 36. hxg6+ hxg6 37. Qd1 Qxb5 38. Kf2 Rb8 39. Qh1 Kg7 40. Qc1 Qb7 41. g4 Rc8 42. Qa1 fxg4 43. Nxg4 Rc2 44. Qh1 Qb2 45. Qh6+ Kf7 46.
Qh7+ Ke8 47. Qxg6+ Kd7 48. Qd3 a5 49. f5 Bb4 50.
fxe6+ Kxe6 51. Ke2 Kd7 52. e6+ Kxe6 53. Nge5 Bxd2 54.
Nxd2 a4 55. Qg6+ Ke7 56. Qf7+ Kd8 57. Qd7# 1-0

[Event "*** Titled Tuesday Blitz"]
[Site "Chess.com"]
[Date "2021.03.02"]
[Round "5"]
[White "enriquetejedor"]
[Black "Vallek86"]
[Result "0-1"]
[WhiteElo "2526"]
[BlackElo "2377"]
[TimeControl "180+1"]
[EndTime "10:55:58 PST"]
[Termination "Vallek86 won on time"]

1. e4 c5 2. Nf3 Nc6 3. d3 d6 4.
Be2 g6 5. O-O Bg7 6. c3 Nf6 7.
Re1 O-O 8. a4 b6 9. Na3 Bb7 10.
h3 h6 11. Nc4 d5 12. exd5 Nxd5 13. Qb3 Kh7 14. a5 e6 15. Nfd2 Rc8 16. Ne4 Ba8 17.
axb6 axb6 18. Qc2 Rb8 19. Bf3 b5 20. Ne3 Qb6 21. Ng3 Rbd8 22. Nxd5 exd5 23. Bf4 b4 24. Rxa8 Rxa8 25. Bxd5 bxc3 26. bxc3 Rad8 27. Ba2 Qa5 28. Ne4 f5 29. Nd6 Qxc3 30. Qxc3 Bxc3 31. Re6 Rd7 32. Nb5 Nd4 33. Nxc3 Nxe6 34. Bxe6 Rxd3 35. Nb5 Re8 36. Bc4 Rd1+ 37. Kh2 Re4 38. Bb3 Rb1 39. Bc2 Rxb5 40. Bxe4 fxe4 41. Kg3 Rb3+ 42. Kg4 Rb2 43. Be3 c4 44. Kf4 c3 45. Kxe4 c2 46. Kd3 g5 47.
Kd2 Kg6 48. Kc1 Ra2 49. Bd4 Kf5 50. g4+ Ke4 51. Bg7 Kd3 52. f3 Ra7 0-1

[Event "*** Titled Tuesday Blitz"]
[Site "Chess.com"]
[Date "2021.03.02"]
[Round "5"]
[White "Susal_De_Silva"]
[Black "Natalya_Buksa"]
[Result "0-1"]
[WhiteElo "2650"]
[BlackElo "2506"]
[TimeControl "180+1"]
[EndTime "10:55:59 PST"]
[Termination "Natalya_Buksa won by checkmate"]

1. e4 c5 2. Nf3 Nc6 3. Bb5 g6 4. Bxc6 dxc6 5. h3 Bg7 6. d3 Nf6 7. O-O Nd7 8. Nc3 e5 9. Be3 b6 10. a4 a5 11. Nd2 Nf8 12. f4 exf4 13. Bxf4 Ne6 14. Bg3 Ba6 15. Kh1 O-O 16. e5 f6 17.
exf6 Rxf6 18. Rxf6 Bxf6 19. Nde4 Bg7 20. Qg4 Nd4 21. Bh4 Qc7 22. Nf6+ Kh8 23. Nce4 Nxc2 24. Rc1 Bxd3 25. Qf3 Bxe4 26. Nxe4 Nd4 27. Qd3 Re8 28. Ng5 Qf4 29. Rf1 Qxh4 30. Nf7+ Kg8 31. Nd6 Re6 32. Qc4 h6 33. Rd1 Qe7 34. Nc8 Qe8 35.
Nxb6 Kh7 36. Qxc5 Nf5 37. Qxa5 Re2 38. Kg1 Qe3+ 39. Kh2 Be5+ 40. Kh1 Ng3+ 41. Kh2 Ne4+ 42. Kh1 Ng3+ 43. Kh2 Nf5+ 44. Kh1 Qf4 45. Qa7+ Ng7 46. Kg1 Qh2+ 47. Kf1 Qxg2# 0-1

[Event "*** Titled Tuesday Blitz"]
[Site "Chess.com"]
[Date "2021.03.02"]
[Round "5"]
[White "MerryPoppies"]
[Black "Jan1401"]
[Result "1/2-1/2"]
[WhiteElo "2141"]
[BlackElo "2370"]
[TimeControl "180+1"]
[EndTime "10:55:59 PST"]
[Termination "Game drawn by repetition"]

1. d4 Nf6 2. c4 e5 3. dxe5 Ne4 4. Nf3 Nc6 5. e3 Bb4+ 6. Bd2 Nxd2 7. Nbxd2 Qe7 8. a3 Bxd2+ 9. Qxd2 Nxe5 10. Be2 O-O 11. O-O d6 12. Rfd1 Be6 13. Nxe5 dxe5 14. Qc3 f6 15. Rd2 a5 16. Rad1 a4 17. Bf3 c6 18.
Rd6 Rfd8 19. c5 Rxd6 20. cxd6 Qd7 21. Qc5 Kf7 22. Be2 Rd8 23. h3 Bd5 24. Bc4 Qe6 25. Bxd5 cxd5 26. Rxd5 Qd7 27. Qa5 Rc8 28. Rc5 Ke6 29.
Rxc8 Qxc8 30. Qxa4 Kxd6 31. Qb4+ Kd5 32. Kh2 Qc6 33.
Kg3 f5 34. Qb3+ Kd6 35. Qf7 Qe4 36. Qf8+ Kc6 37. Qe8+ Kb6 38. Qd8+ Ka6 39. Qd6+ Ka7 40. Qc5+ Kb8 41. Qf8+ Ka7 42. Qxg7 f4+ 43. Kh2 fxe3 44. fxe3 Qxe3 45. Qxh7 Qf4+ 46. Kh1 e4 47. Qd7 e3 48. Qd3 Qf2 49. Qd4+ Ka6 50. Qa4+ Kb6 51. Qd4+ Kc6 52. Qc4+ Kd6 53. Qd4+ Ke6 54. Qe4+ Kf6 55. Qd4+ Kf5 56. Qd3+ Ke5 57. Qc3+ Ke4 58. Qc4+ Ke5 59. Qc3+ Kf5 60. Qd3+ Kf4 61. Qd4+ Kf5 62. Qd5+ Kf4 63. Qd4+ Kf5 1/2-1/2

[Event "*** Titled Tuesday Blitz"]
[Site "Chess.com"]
[Date "2021.03.02"]
[Round "5"]
[White "KuzubovYuriy"]
[Black "Rud_Makarian"]
[Result "1-0"]
[WhiteElo "2921"]
[BlackElo "2789"]
[TimeControl "180+1"]
[EndTime "10:56:00 PST"]
[Termination "KuzubovYuriy won on time"]

1. d4 Nf6 2. Nf3 b6 3. c4 e6 4. g3 Bb7 5. Bg2 Be7 6. Nc3 O-O 7. Qc2 c5 8. d5 exd5 9. Ng5 h6 10. h4 Na6 11. cxd5 Nb4 12. Qb1 d6 13. a3 Na6 14.
Nce4 g6 15. Nh3 Kg7 16. Nxf6 Bxf6 17. Bd2 Nc7 18. e4 Re8 19. O-O Qd7 20. Qc1 h5 21.
Bc3 Bxc3 22. bxc3 f6 23. Nf4 Qf7 24. c4 Re7 25. a4 Rae8 26. Ra3 Na6 27. a5 Nb4 28. axb6 axb6 29. Ne6+ Kh7 30. Qd2 Bc8 31. Bh3 Bxe6 32. Bxe6 Rxe6 33. dxe6 Rxe6 34. Rfa1 Rxe4 35. Qxd6 Re7 36. Qxb6 Nc2 37. Qxc5 Nxa3 38. Qxa3 Rc7 39. c5 Qe7 40. Rc1 Rc6 41. Qc3 Qe4 42. Qd2 Qe6 43.
Qd4 Kg7 44. Rc3 Qc8 45. Kh2 Qc7 46. Qd5 Qc8 47. Re3 Qc7 48. Re8 Rxc5 49. Qg8+ Kh6 50. Qf8+ 1-0